 Dungeon Sprint DCSS version 0.30.1-5-ged363bc7ee (webtiles) character file.

Game seed: 15284549668921587627

1012 Heoruswealwe the Eclecticist (level 8, -1/41 HPs)
             Began as a Deep Elf Conjurer on Sept 19, 2023.
             Was a Believer of Vehumet.
             Constricted to death by Duvessa (3 damage)
             ... in the Dungeon (Sprint V: "Ziggurat Sprint").
             The game lasted 00:07:55 (275 turns).

Heoruswealwe the Eclecticist (Deep Elf Conjurer)     Turns: 275, Time: 00:07:55

Health: -1/41      AC:  0    Str:  4    XL:     8   Next: 1%
Magic:  30/30      EV: 17    Int: 26    God:    Vehumet [**....]
Gold:   0          SH:  0    Dex: 18    Spells: 24/39 levels left

rFire   . . .        b - melded +27 heavy crossbow "Sniper" {heavy, Acc+∞ SInv}
rCold   . . .        (shield currently unavailable)
rNeg    . . .        c - melded +0 robe
rPois   .            (helmet currently unavailable)
rElec   .            (cloak currently unavailable)
rCorr   .            (gloves currently unavailable)
SInv    .            (boots currently unavailable)
Will    .....        (no amulet)
Stlth   ++           k - melded +6 ring of intelligence
HPRegen 0.26/turn    j - melded +6 ring of intelligence
MPRegen 0.22/turn

%: no teleportation
@: bat-form, grasped by roots, flying, constricted, studying Staves, very quick
A: fast, flying, no casting, tiny
a: Renounce Religion


You were in the Dungeon.
You worshipped Vehumet.
Vehumet was pleased with you.
You were a bat.
You visited 1 branch

Inventory:

Hand Weapons
 b - the +27 heavy crossbow "Sniper" (melded) {heavy, Acc+∞ SInv}
   (You found it in the Dungeon)

   Acc+∞: It never misses its target.
   SInv:      It lets you see invisible.
 l - the +11 Singing Sword {sonic wave}
   (You found it in the Dungeon)
Armour
 c - a +0 robe (melded)
Magical Staves
 o - a staff of cold
 p - a staff of air
 q - a staff of earth
Jewellery
 f - the necklace of Bloodlust {Fury *Rage Will++ Int-3 Slay+6}
   (You found it in the Dungeon)

   [amulet of nothing]

   Fury:      It extends the wearer's berserk rage when killing foes.
   Int:       It affects your intelligence (-3).
   Slay:      It affects your accuracy & damage with ranged weapons and melee
   (+6).
   *Rage:     It berserks you when you make melee attacks (+50% chance).
   Will:      It greatly increases your willpower.
 j - a +6 ring of intelligence (melded)
 k - a +6 ring of intelligence (melded)
Scrolls
 g - 4 scrolls of blinking
 m - 4 scrolls of amnesia
Potions
 a - 10 potions of curing
 d - 10 potions of heal wounds
 e - 6 potions of haste
 h - 2 potions of brilliance
 i - 2 potions of invisibility
 w - 4 potions of resistance
 A - 8 potions of magic
 B - 5 potions of might
Miscellaneous
 n - a box of beasts


   Skills:
 - Level 2.4 Dodging
 - Level 2.4 Stealth
 + Level 16.2 Spellcasting
 + Level 14.2 Conjurations


You had 24 spell levels left.
You knew the following spells:

 Your Spells              Type           Power      Damage    Failure   Level
a - Magic Dart            Conj           100%       1d8       0%          1
b - Shock                 Conj/Air       100%       1d9       1%          1
c - Searing Ray           Conj           100%       2d8       0%          2
d - Dazzling Flash        Conj/Hex       100%       N/A       1%          3
e - Iskenderun's Mystic   Conj/Tloc      55%        2d12      1%          4
f - Fulminant Prism       Conj/Hex       27%        3d14      1%          4

Your spell library contained the following spells:

 Spells                   Type           Power      Damage    Failure   Level
 Sandblast                Erth           42%        2d11      2%          1
 Swiftness                Air            21%        N/A       8%          3
 Airstrike                Air            10%        2d(2-18)  24%         4


Dungeon Overview and Level Annotations

Branches:
Dungeon (1/1)

Altars:
Ashenzari
Cheibriados
Dithmenos
Elyvilon
Fedhas
Gozag
Hepliaklqana
Kikubaaqudgha
Makhleb
Nemelex Xobeh
Okawaru
Qazlal
Ru
Sif Muna
Trog
Uskayaw
Vehumet
Wu Jian
Xom
Yredelemnul
Zin
The Shining One
Jiyva
Lugonu

Annotations:
D 1 transporter, Duvessa, Eustachio, Ijyb


Message History

The grasping roots grab you! The grasping roots constrict you!
Ijyb shouts!
Found four items.
Found a transporter.
Fire: b) +27 heavy crossbow "Sniper" {heavy, Acc+∞ SInv}
Press: ? - help, Shift-Dir - straight line, f - Jessica
Aim: Jessica, wielding a +0 dagger, wearing a +0 robe and carrying a wand of flame (30) (100% to hit)
You shoot a bolt. The bolt hits Jessica!!!
You kill Jessica!
Vehumet accepts your kill.
Eustachio mumbles some strange words.
Eustachio blinks!
Duvessa gestures with her weapon.
The grasping roots constrict you.
Eustachio casts a spell.
Eustachio blinks!
The grasping roots constrict you!
Ijyb zaps a wand.
You easily resist.
Eustachio gestures wildly while chanting.
The grasping roots constrict you.
The grasping roots release their grip on you.
You have reached level 8!
You feel clever.
Okay, then.
Fire: b) +27 heavy crossbow "Sniper" {heavy, Acc+∞ SInv}
Press: ? - help, Shift-Dir - straight line, f - Ijyb
Aim: Ijyb, wielding a +0 dagger, wearing a +0 ring mail and carrying a wand of polymorph (8) (100% to hit)
You shoot a bolt. The bolt hits Ijyb!!
Ijyb is almost dead.
Ijyb zaps a wand.
You turn into a bat.
The +27 heavy crossbow "Sniper" {heavy, Acc+∞ SInv} melds into your body.
Your +0 robe melds into your body.
Your +6 ring of intelligence melds into your body. x2
You feel stupid. x2
Duvessa zaps a wand.
The roots erupt in riotous growth!
The grasping roots grab you!
Duvessa is unaffected.
Ijyb is unaffected.
The grasping roots constrict you. Ijyb barely misses you.
Duvessa hits you with a +0 rapier!
* * * LOW HITPOINT WARNING * * *
The grasping roots constrict you.
You die...

▓..©..▓..©..▓▓▓▓▓▓▓
▓▓▓▓▓▓▓▓▓▓▓▓▓▓
▓..8©8...▓
▓..)/)...▓
▓..)|5...▓
▓...5.5@.▓
........▓
▓.▓.eg.▓.▓
▓...b....▓
▓▓▓▓▓▓▓▓▓▓


You could see Eustachio, Duvessa, Ijyb, 2 white imps and an ufetubus (summoned).

Vanquished Creatures
  2 rime drakes (D)
  2 fire elementals (D)
  A hell hound (D)
  A crimson imp (D)
  Jessica (D)
  A white imp (D)
  An ufetubus (D)
  A fire vortex (D)
10 creatures vanquished.

Notes
Turn   | Place    | Note
-------+----------+-------------------------------------------
     0 | D        | Heoruswealwe the Deep Elf Conjurer began the quest for the
                  | Orb.
     0 | D        | Reached XP level 1. HP: 10/10 MP: 6/6
     0 | D        | Found a shimmering blue altar of Sif Muna.
     0 | D        | Found a sacrificial altar of Ru.
     0 | D        | Found a bloodstained altar of Trog.
     0 | D        | Found a stormy altar of Qazlal.
     0 | D        | Found an iron altar of Okawaru.
     0 | D        | Found a sparkling altar of Nemelex Xobeh.
     0 | D        | Found a blossoming altar of Fedhas.
     0 | D        | Found the +6 Majin-Bo {spellvamp, MP+6 Int+6}
     0 | D        | Found the +27 heavy crossbow "Sniper" {heavy, Acc+∞ SInv}
     0 | D        | Found the +10 dark maul {heavy}
     0 | D        | Found the +15 Maxwell's patent armour {-Cast -Tele rElec
                  | Will+ rCorr}
     0 | D        | Found the +18 shield of the Gong {Loud rN+ Will+ rCorr
                  | EV-5}
     0 | D        | Found the +16 obsidian axe {drain, demonic, Mesm Drain Fly
                  | SInv}
     0 | D        | Found the +7 great mace "Firestarter" {flame, immolate,
                  | rFlCloud rF++}
     0 | D        | Found the +6 shillelagh "Devastator" {shatter}
     0 | D        | Found the +11 plutonium sword {Contam Stlth-}
     0 | D        | Found the +8 lance "Wyrmbane" {slay drac, rPois rF+ rC+
                  | AC+3}
     0 | D        | Found the +9 sword of Zonguldrok {reap}
     0 | D        | Found the +13 scythe of Curses {drain, curses, Drain}
     0 | D        | Found the +9 sword of Power {lifebolt}
     0 | D        | Found the +7 mace of Variability {chaos, chaos arc}
     0 | D        | Found the +11 Singing Sword {sonic wave}
     0 | D        | Found the +8 storm bow {elec, penet}
     2 | D        | Found a transporter.
     2 | D        | Found an ancient bone altar of Kikubaaqudgha.
     2 | D        | Found a viscous altar of Jiyva.
     2 | D        | Found a corrupted altar of Lugonu.
     2 | D        | Found a hazy altar of Hepliaklqana.
     2 | D        | Found a burning altar of Makhleb.
     2 | D        | Found an opulent altar of Gozag.
    30 | D        | Became a worshipper of Vehumet
    62 | D        | Reached skill level 7 in Spellcasting
    62 | D        | Reached XP level 2. HP: 15/15 MP: 6/12
    66 | D        | Learned a level 2 spell: Searing Ray
   117 | D        | Entered arena 2.
   117 | D        | Noticed a rime drake
   117 | D        | Noticed a rime drake
   117 | D        | Found a transporter.
   118 | D        | Killed a rime drake
   119 | D        | Reached skill level 12 in Spellcasting
   119 | D        | Reached XP level 3. HP: 19/19 MP: 12/18
   119 | D        | Reached XP level 4. HP: 24/24 MP: 13/20
   119 | D        | Reached XP level 5. HP: 28/28 MP: 13/21
   119 | D        | Reached XP level 6. HP: 32/32 MP: 14/23
   120 | D        | Killed a rime drake
   121 | D        | Reached skill level 14 in Spellcasting
   121 | D        | Reached XP level 7. HP: 30/36 MP: 15/26
   125 | D        | Learned a level 3 spell: Dazzling Flash
   130 | D        | Learned a level 4 spell: Fulminant Prism
   135 | D        | Learned a level 4 spell: Iskenderun's Mystic Blast
   184 | D        | Learned a level 1 spell: Shock
   186 | D        | Entered arena 3.
   186 | D        | Found the necklace of Bloodlust {Fury *Rage Will++ Int-3
                  | Slay+6}
   186 | D        | Found a transporter.
   187 | D        | Reached * piety under Vehumet
   187 | D        | Offered knowledge of Sandblast by Vehumet.
   189 | D        | Reached ** piety under Vehumet
   202 | D        | Entered arena 4.
   202 | D        | Noticed a fire elemental
   202 | D        | Noticed a fire elemental
   202 | D        | Found a transporter.
   203 | D        | Killed a fire elemental
   204 | D        | Reached skill level 15 in Spellcasting
   206 | D        | Killed a fire elemental
   209 | D        | Reached skill level 16 in Spellcasting
   273 | D        | Entered arena 5.
   273 | D        | Noticed Jessica
   273 | D        | Noticed Duvessa
   273 | D        | Noticed Eustachio
   273 | D        | Noticed Ijyb
   273 | D        | Found a transporter.
   274 | D        | Killed Jessica
   275 | D        | Reached XP level 8. HP: 18/41 MP: 30/30
   275 | D        | HP: 2/41 [Duvessa/+0 rapier (12)]
   275 | D        | Constricted to death by Duvessa

Illustrated notes

Levels and vault maps discovered:
D:        sprint_v [room_start, room_1, room_2, room_3, room_4, room_5, room_6,
          room_7, room_8, room_9, room_10, room_11, room_12, room_13, room_14,
          room_15, room_16, room_17, room_18, room_19, room_20, room_21,
          room_22, room_23, room_24, room_25, room_26, room_27]

Skill      XL: |  1  2  3  4  5  6  7 |
---------------+----------------------+-----
Spellcasting   | 7 12 14 16 | 16.2
Conjurations   | 7 11 12 14 | 14.2
Dodging        | |  2.4
Stealth        | |  2.4

Action                     |  1- 3 |  4- 6 |  7- 9 || total
---------------------------+-------+-------+-------++-------
   Fire: Heavy crossbow    |     1 |     2 |     8 ||    11
   Cast: Iskenderun's Myst |       |       |     4 ||     4
    Use: Potion            |     1 |       |       ||     1
 Armour: Robe              |       |       |     1 ||     1
  Dodge: Dodged            |       |     1 |     3 ||     4
